 Dungeon Crawl Stone Soup version 0.25.1-1-g288607f5aa (webtiles) character file.

Game seed: 18182291844307747142

109 H0rd4k the Insei (level 4, -1/28 HPs)
             Began as an Octopode Transmuter on July 27, 2020.
             Slain by a white imp (4 damage)
             ... summoned by Natasha
             ... on level 2 of the Dungeon on July 28, 2020.
             The game lasted 00:03:25 (3087 turns).

H0rd4k the Insei (Octopode Transmuter)              Turns: 3087, Time: 00:03:26

Health: -1/28      AC:  1    Str:  9    XL:     4   Next: 90%
Magic:  6/7        EV: 13    Int: 16    God:
Gold:   160        SH:  0    Dex: 12    Spells: 2/8 levels left

rFire    . . .     SeeInvis .     - Unarmed
rCold    . . .     Gourm    .   (no shield)
rNeg     . . .     Faith    .   (helmet restricted)
rPois    .         Spirit   .   (no amulet)
rElec    .         Reflect  .   (no ring)
rCorr    .         Harm     .   (no ring)
MR       .....                  (no ring)
Stlth    +++.......             (no ring)
HPRegen  0.09/turn              (no ring)
MPRegen  0.10/turn              (no ring)
                                (no ring)
                                (no ring)

@: appendage (expiring)
A: almost no armour, stealthy swim, amphibious, 8 rings, constrict 8, tentacle
spike 3, camouflage 1, gelatinous body 1
a: End Transformation


You were on level 2 of the Dungeon.
You were not hungry.
One of your tentacles had a temporary spike.
You visited 1 branch of the dungeon, and saw 3 of its levels.

You collected 160 gold pieces.

Inventory:

Missiles
 a - 77 arrows
Jewellery
 k - an uncursed ring of magical power {unknown}
Scrolls
 d - a scroll of remove curse {unknown}
 e - 4 scrolls of enchant weapon {unknown}
 g - a scroll of fog {unknown}
 h - 4 scrolls of identify {unknown}
 i - a scroll of blinking {unknown}
 m - a scroll of teleportation {unknown}
Potions
 b - 2 potions of curing {unknown}
 f - a potion of heal wounds
 j - a potion of might
 l - a potion of stabbing {unknown}
Comestibles
 c - 5 rations


   Skills:
 + Level 1.1 Fighting
 + Level 2.2 Dodging
 + Level 2.1 Stealth
 + Level 4.0 Unarmed Combat
 * Level 2.5 Spellcasting
 * Level 2.9 Transmutations


You had 2 spell levels left.
You knew the following spells:

 Your Spells              Type           Power        Failure   Level  Hunger
a - Beastly Appendage     Tmut           ##....       6%          1    #......
b - Sticks to Snakes      Tmut           ##......     9%          2    ##.....
c - Spider Form           Tmut/Pois      #.........   32%         3    ###....

Your spell library contained the following spells:

 Spells                   Type           Power        Failure   Level  Hunger
 Ice Form                 Ice/Tmut       #.......     71%         4    #####..
 Blade Hands              Tmut           ##........   86%         5    ######.


Dungeon Overview and Level Annotations

Branches:
Dungeon (3/15)

Altars:

Annotations:
D:2 exclusion: downstairs, Natasha, Sigmund
D:3 Terence


Innate Abilities, Weirdness & Mutations

You cannot wear most types of armour.
You are very stealthy in the water. (Stealth+)
You are amphibious.
You can wear up to eight rings at the same time.
You can use your tentacles to constrict eight enemies at once.
Your skin changes colour to match your surroundings (Stealth+).
Your rubbery body absorbs attacks. (AC +1, EV +1)
One of your tentacles bears a large vicious spike.


Message History

You tentacle-slap Natasha but do no damage.
Your grab misses Natasha.
You pierce Natasha.
Natasha is moderately wounded.
The white imp gestures at you. The puff of frost hits you! Natasha claws you!
* * * LOW HITPOINT WARNING * * *
The white imp hits you.
* * * LOW HITPOINT WARNING * * *
The white imp freezes you.
* * * LOW HITPOINT WARNING * * *
You closely miss Natasha. Your grab misses Natasha.
Natasha is moderately wounded.
The white imp hits you but does no damage.
Natasha closely misses you.
You tentacle-slap Natasha but do no damage.
Your grab misses Natasha.
Your tentacle spike misses Natasha.
Natasha is moderately wounded.
Your transformation is almost over.
The white imp misses you. The white imp hits you.
You die...

#....##.####.#####.#.# #...
#...(##...(..........###.##
#....###........#..#.....#.
#...............#.##.#####.
#....##.........#....###...
#.....#.........#######....
#................# #....
#......#..5....### #....
#.........@h..[# #....
#.....##...5...# #....
#..............########....
##................>........
#.............########....
#######.......# ######
##.###### #.....
#########.# #.....
#.........# #.....


You could see Natasha and 2 white imps.

Vanquished Creatures
  Natasha (twice) (D:2)
  3 worms (D:3)
  2 dart slugs (D:1)
  3 leopard geckos
  An orc (D:3)
  4 bats
  7 goblins
  4 hobgoblins
  4 jackals (D:1)
  2 frilled lizards (D:1)
  3 kobolds
  9 rats
44 creatures vanquished.

Notes
Turn   | Place    | Note
-------+----------+-------------------------------------------
     0 | D:1      | H0rd4k the Octopode Transmuter began the quest for the Orb.
     0 | D:1      | Reached XP level 1. HP: 13/13 MP: 3/3
   348 | D:1      | Reached XP level 2. HP: 12/18 MP: 5/5
   469 | D:1      | Learned a level 2 spell: Sticks to Snakes
  1392 | D:1      | Reached XP level 3. HP: 23/23 MP: 6/6
  1397 | D:1      | Learned a level 3 spell: Spider Form
  2046 | D:2      | Noticed Sigmund
  2063 | D:2      | Noticed Natasha
  2072 | D:2      | Killed Natasha
  2072 | D:2      | Reached skill level 1 in Stealth
  2072 | D:2      | Reached XP level 4. HP: 13/28 MP: 5/7
  2624 | D:3      | Noticed Terence
  2841 | D:2      | Noticed Natasha
  2854 | D:2      | Killed Natasha
  2854 | D:2      | Reached skill level 4 in Unarmed Combat
  2890 | D:2      | Noticed Natasha
  3087 | D:2      | Slain by a white imp

Illustrated notes

Levels and vault maps discovered:
D:1:      psy_arrival_radial01, layout_loops_ring
D:2:      layout_basic, uniq_sigmund, uniq_natasha
D:3:      layout_rooms, chequers_ecumenical_altar_island, uniq_terence,
          uniq_ijyb

Skill      XL: |  1  2  3  4 |
---------------+-------------+-----
Stealth        | 1 2 |  2.1
Unarmed Combat | 4 |  4.0
Fighting       | |  1.1
Dodging        | |  2.2
Spellcasting   | |  2.5
Transmutations | |  2.9

Action                   |  1- 3 |  4- 6 || total
-------------------------+-------+-------++-------
Melee: Unarmed           |    78 |    44 ||   122
       Constrict         |    22 |    14 ||    36
       Tentacles         |    10 |     7 ||    17
       Kick              |     1 |    10 ||    11
       Punch             |     1 |     1 ||     2
 Cast: Beastly Appendage |     1 |     7 ||     8
 Stab: Sleeping          |     4 |     2 ||     6
  Eat: Chunk             |     3 |     4 ||     7
Armor: Skin              |     7 |     8 ||    15
Dodge: Dodged            |    59 |    37 ||    96
